[Event "*** SCC Grand Prix: Titled Tuesday Blitz"]
[Site "Chess.com"]
[Date "2020.10.13"]
[Round "5"]
[White "NikolaGry"]
[Black "vladislavkovalev"]
[Result "1/2-1/2"]
[WhiteElo "2635"]
[BlackElo "2851"]
[TimeControl "180+1"]
[EndTime "10:56:10 PDT"]
[Termination "Game drawn - insufficient material"]

1. b3 e5 2. Bb2 Nc6 3. c4 Nf6 4.
e3 g6 5. Nf3 Bg7 6. d4 exd4 7.
Nxd4 O-O 8. Be2 Re8 9. O-O Ne4 10. Nxc6 dxc6 11. Bxg7 Kxg7 12. Qxd8 Rxd8 13. f3 Nc5 14. Nc3 a5 15. Rfd1 Be6 16. Kf2 Kf6 17. Rxd8 Rxd8 18.
Rd1 Ra8 19. h4 Ke7 20. g4 h6 21. f4 Rh8 22. e4 f6 23. f5 Bf7 24. fxg6 Bxg6 25. Ke3 Nd7 26. Bf3 Ne5 27. Ne2 a4 28. Ng3 axb3 29. axb3 Ra8 30. Kf4 Ra3 31. Rb1 Nd3+ 32.
Ke3 Nc5 33. Bd1 b5 34. cxb5 cxb5 35. Nf5+ Bxf5 36. exf5 Kd6 37. Kf4 Nd3+ 38. Ke3 Ne5 39. Kf4 Ra2 40. g5 hxg5+ 41. hxg5 Rf2+ 42. Ke4 Rxf5 43.
Kxf5 fxg5 44. Be2 Nc6 45. Rd1+ Kc5 46. Rc1+ Kb6 47. Kxg5 Nd4 48. Bd1 c5 49. Kf4 Ka5 50.
Rxc5 Ne6+ 51. Ke5 Nxc5 52. Kd5 Kb4 53. Be2 Nxb3 54. Bxb5 1/2-1/2

[Event "*** SCC Grand Prix: Titled Tuesday Blitz"]
[Site "Chess.com"]
[Date "2020.10.13"]
[Round "5"]
[White "ASVZ"]
[Black "hungrycaterpillar4"]
[Result "0-1"]
[WhiteElo "2451"]
[BlackElo "2697"]
[TimeControl "180+1"]
[EndTime "10:56:10 PDT"]
[Termination "hungrycaterpillar4 won by checkmate"]

1. e4 c5 2. c3 d5 3. exd5 Qxd5 4. d4 g6 5. Nf3 Nc6 6. dxc5 Qxd1+ 7. Kxd1 e5 8. b4 Bg4 9. Nd2 O-O-O 10. Kc2 Bf5+ 11. Kb2 e4 12. Nh4 Bg7 13. Nxf5 gxf5 14. a3 Nf6 15.
Bc4 Ne5 16. f4 Rxd2+ 17. Bxd2 Nxc4+ 18. Kc2 Nd5 19. Rad1 Nxa3+ 20. Kb3 Nb5 21. Rc1 Rd8 22. g3 h5 23. Rhe1 a6 24. h3 Ndxc3 25. Bxc3 Rd3 26. Red1 Rxg3 27. Rg1 Rxg1 28. Rxg1 Bxc3 29. Rg5 e3 30. Rg2 e2 31. Rxe2 Nd4+ 32. Kxc3 Nxe2+ 33. Kc4 Nxf4 34. Kd4 Nxh3 35. Ke5 f4 36. Ke4 f5+ 37. Kf3 h4 38. c6 bxc6 39. Kg2 Ng5 40. Kf2 f3 41. b5 axb5 42. Ke3 h3 43. Kf4 f2 44. Kg3 h2 45.
Kh4 h1=Q+ 46. Kg3 Ne4+ 47. Kf4 f1=Q+ 48. Ke5 Kc7 49. Ke6 b4 50. Kf7 Qh6 51. Ke8 Kd6 52.
Kf7 c5 53. Ke8 c4 54. Kf7 b3 55. Ke8 c3 56. Kf7 b2 57. Ke8 c2 58. Kf7 Qa6 59.
Ke8 c1=Q 60. Kf7 b1=Q 61. Ke8 f4 62. Kf7 f3 63. Ke8 Qcg5 64. Kf7 Qgg7+ 65. Ke8 f2 66. Kd8 f1=Q 67. Ke8 Nc5 68. Kd8 Qff6+ 69. Ke8 Qe5+ 70. Kd8 Qaa7 71. Kc8 Qaf7 72. Kd8 Qhg6 73. Kc8 Qbb7+ 74. Kd8 Qef6# 0-1

[Event "*** SCC Grand Prix: Titled Tuesday Blitz"]
[Site "Chess.com"]
[Date "2020.10.13"]
[Round "5"]
[White "Margency"]
[Black "Shield12"]
[Result "1/2-1/2"]
[WhiteElo "2608"]
[BlackElo "2825"]
[TimeControl "180+1"]
[EndTime "10:56:11 PDT"]
[Termination "Game drawn by repetition"]

1. e4 c5 2. Nf3 Nc6 3. d4 cxd4 4. Nxd4 Nf6 5. Nc3 d6 6. Bg5 e6 7. Qd2 a6 8. O-O-O Bd7 9. f3 Nxd4 10. Qxd4 h6 11.
Be3 Bc6 12. Kb1 d5 13. e5 Nd7 14. f4 Bc5 15. Qd2 Bxe3 16. Qxe3 g5 17. f5 Qb6 18.
Qg3 O-O-O 19. Bd3 Nc5 20. fxe6 fxe6 21. Rhf1 Qc7 22. Rf6 Rdf8 23. Rdf1 Rxf6 24. Rxf6 Qe7 25. Qf2 Nd7 26. Rf7 Rf8 27. Rxf8+ Qxf8 28. Qxf8+ Nxf8 29. Ne2 Kd8 30. Nd4 Ke7 31. Bxa6 Nd7 32. Nxc6+ bxc6 33. Be2 Nxe5 34. a4 Kd6 35. b4 c5 36. c3 cxb4 37. cxb4 Nc6 38. b5 Nd4 39. Bg4 Kc5 40. Kb2 e5 41. Kc3 Kb6 42. Bd7 Kc5 43. g3 e4 44. b6 Nc6 45. Bxc6 Kxc6 46. a5 e3 47. Kd3 d4 48. g4 Kb7 49. Ke2 Ka6 50. Kd3 Kb7 51. Ke2 Ka6 52. Kd3 Kb7 1/2-1/2

[Event "*** SCC Grand Prix: Titled Tuesday Blitz"]
[Site "Chess.com"]
[Date "2020.10.13"]
[Round "5"]
[White "Zq1"]
[Black "tsvet2005"]
[Result "0-1"]
[WhiteElo "2508"]
[BlackElo "2704"]
[TimeControl "180+1"]
[EndTime "10:56:12 PDT"]
[Termination "tsvet2005 won by resignation"]

1. d4 d5 2. c4 e6 3. Nc3 c6 4. e3 Nf6 5. Nf3 Nbd7 6. Bd2 b6 7.
Bd3 Bd6 8. O-O O-O 9. e4 dxc4 10. Bxc4 e5 11. Bg5 exd4 12. Nxd4 Ne5 13. Be2 Bc5 14. Nb3 Be7 15. f4 Ng6 16. e5 Nd7 17. Bxe7 Qxe7 18. Ne4 Rd8 19. Qd6 Qxd6 20. Nxd6 f6 21. e6 Ndf8 22. Nxc8 Raxc8 23. Bc4 Ne7 24. f5 b5 25. Be2 Rd5 26. g4 g6 27. Bf3 Re5 28.
Rae1 gxf5 29. Rxe5 fxe5 30. gxf5 Nxf5 31. Nc5 Ng6 32. Bg4 Nfe7 33. Rd1 Nd5 34. Kf2 Rf8+ 35. Kg3 Nge7 36. a3 Kg7 37. Re1 Ng6 38. Rd1 Ngf4 39. Re1 h5 40. Bd1 h4+ 41. Kxh4 Ng2+ 0-1

[Event "*** SCC Grand Prix: Titled Tuesday Blitz"]
[Site "Chess.com"]
[Date "2020.10.13"]
[Round "5"]
[White "gmpeter008"]
[Black "EddieMarsalla"]
[Result "1-0"]
[WhiteElo "2397"]
[BlackElo "2560"]
[TimeControl "180+1"]
[EndTime "10:56:12 PDT"]
[Termination "gmpeter008 won by resignation"]

1. d4 d5 2. Bf4 Bf5 3. Nf3 e6 4. c3 Bxb1 5. Rxb1 Bd6 6. Bg3 Nf6 7. e3 Bxg3 8. hxg3 c6 9. Bd3 Nbd7 10. Qc2 h6 11. e4 dxe4 12. Bxe4 Qc7 13. O-O O-O 14.
Rfe1 Rfe8 15. Bd3 e5 16. Bc4 exd4 17. cxd4 Nb6 18. Bb3 Rad8 19. Ne5 Nbd5 20. Rbd1 Re7 21. Qd2 Nb6 22. Qf4 Nfd5 23. Qf3 Rde8 24. Rc1 f6 25. Nd3 Rxe1+ 26. Nxe1 Kh8 27. Nd3 Qe7 28. Qf5 Qe4 29. Qxe4 Rxe4 30. Nc5 Re7 31. Kf1 Nc8 32. Bxd5 cxd5 33. Nd3 Nb6 34. Re1 Rxe1+ 35. Kxe1 Nd7 36. Kd2 b6 37. Kc3 Kg8 38. Kb4 f5 39. Kb5 Nf6 40.
Ka6 Kf7 41. Kxa7 Nd7 42. Kb7 Ke7 43. Kc6 Nf6 44. Kxb6 g5 45. a4 Kd6 46. a5 Nd7+ 47. Kb7 Nf6 48. a6 1-0

[Event "*** SCC Grand Prix: Titled Tuesday Blitz"]
[Site "Chess.com"]
[Date "2020.10.13"]
[Round "5"]
[White "QuintilianoR"]
[Black "tptagain"]
[Result "0-1"]
[WhiteElo "2628"]
[BlackElo "2863"]
[TimeControl "180+1"]
[EndTime "10:56:13 PDT"]
[Termination "tptagain won by resignation"]

1. d4 e6 2. c4 d5 3. Nc3 c6 4. e3 Bd6 5. b3 f5 6. Bd3 Nh6 7. Nge2 O-O 8. Qc2 Nd7 9. Bb2 a6 10. f3 b5 11. O-O-O bxc4 12. bxc4 a5 13. Nf4 Nf6 14. Kb1 a4 15. c5 a3 16. cxd6 axb2 17.
e4 fxe4 18. fxe4 dxe4 19. Bxe4 Nxe4 20. Qxe4 Qxd6 21. Rhf1 e5 22. dxe5 Qxd1+ 23. Rxd1 Bf5 24. g3 Rae8 25. Nd3 Bxe4 26. Nxe4 Ng4 27. Nd6 Re7 28. Nc4 h5 29. Kxb2 Nf2 30. Nxf2 Rxf2+ 31. Kb3 Rxh2 32.
Rd6 Rh3 33. a4 Rxg3+ 34. Kb4 h4 35. Rd2 h3 36. Rh2 g5 37. Kc5 g4 38. Kd6 Ra7 39. e6 Rg2 40. Rh1 Re2 41. Ne5 Rxa4 42. e7 Rxe5 43. Kxe5 Kf7 44. Kd6 Rd4+ 45. Kc5 Rd2 46. Re1 Ke8 47. Kxc6 h2 0-1

[Event "*** SCC Grand Prix: Titled Tuesday Blitz"]
[Site "Chess.com"]
[Date "2020.10.13"]
[Round "5"]
[White "crescentmoon2411"]
[Black "biostatistician"]
[Result "1-0"]
[WhiteElo "2803"]
[BlackElo "2563"]
[TimeControl "180+1"]
[EndTime "10:56:14 PDT"]
[Termination "crescentmoon2411 won on time"]

1. e4 e6 2. d4 d5 3. Nc3 Nc6 4. Nf3 Nf6 5. e5 Ne4 6. Bd3 Bb4 7. Bd2 Nxd2 8. Qxd2 Be7 9. O-O Nb4 10. Be2 c5 11.
dxc5 Bxc5 12. Nb5 O-O 13. Nbd4 Bd7 14. c3 Nc6 15. Nb3 Bb6 16. Bd3 Na5 17. Rae1 Rc8 18.
Nbd4 Nc4 19. Qf4 h6 20. Re2 a6 21. h4 f6 22. exf6 Qxf6 23. Qxf6 Rxf6 24. Bxc4 dxc4 25.
Rfe1 Re8 26. Ne5 Bb5 27. Ng4 Rf4 28. Nxb5 axb5 29. Rxe6 Rxe6 30. Rxe6 Bc5 31. Ne3 Rxh4 32. Re5 Bxe3 33. fxe3 Kh7 34. Rxb5 Re4 35. Rxb7 Rxe3 36. a4 1-0

[Event "*** SCC Grand Prix: Titled Tuesday Blitz"]
[Site "Chess.com"]
[Date "2020.10.13"]
[Round "5"]
[White "esapunov"]
[Black "Alindsay211"]
[Result "1-0"]
[WhiteElo "2646"]
[BlackElo "2423"]
[TimeControl "180+1"]
[EndTime "10:56:14 PDT"]
[Termination "esapunov won on time"]

1. c4 d6 2. Nf3 Nf6 3. Nc3 g6 4. d4 Bg7 5. e4 O-O 6. Be2 e5 7. O-O Nc6 8. d5 Ne7 9. b4 Nh5 10. Re1 Nf4 11. Bf1 h6 12. a4 a5 13. bxa5 Rxa5 14.
Ra3 Bg4 15. h3 Bc8 16. Nd2 Kh7 17. Nb3 Ra8 18. c5 f5 19. g3 Nh5 20. exf5 Nxf5 21.
Bg2 Nf6 22. Bb2 Bd7 23. a5 Qe7 24. cxd6 cxd6 25. Nd2 Rac8 26. Rb3 Qd8 27. Rb6 Ra8 28. Nc4 Qc7 29. Bf1 Rxa5 30. Qb3 Nd4 31. Rxb7 Nxb3 32. Rxc7 Rc5 33. Rxc5 Nxc5 34. Ba3 Rb8 35. Nxd6 Nb7 36.
Nde4 Nxe4 37. Nxe4 Bf5 38. Bg2 Rd8 39. Rb1 Na5 40. Rb5 Nc4 41. Be7 Rd7 42. Nf6+ Bxf6 43.
Bxf6 Nd6 44. Bxe5 Nxb5 45. g4 Bd3 46. f4 Ra7 47. d6 Kg8 48. Bc6 Nxd6 49. Bxd6 Rf7 50. Bd5 Kg7 51. Be5+ Kf8 52. Kf2 1-0

[Event "*** SCC Grand Prix: Titled Tuesday Blitz"]
[Site "Chess.com"]
[Date "2020.10.13"]
[Round "5"]
[White "Bulldog167"]
[Black "Mikhail_Golubev"]
[Result "1-0"]
[WhiteElo "2749"]
[BlackElo "2534"]
[TimeControl "180+1"]
[EndTime "10:56:18 PDT"]
[Termination "Bulldog167 won on time"]

1. d4 Nf6 2. c4 g6 3. Nc3 Bg7 4. e4 d6 5. h3 O-O 6. Be3 Na6 7. g4 c6 8. Nge2 Nc7 9. Bg2 h5 10. f3 e5 11. O-O hxg4 12. hxg4 Nh7 13. Qd2 Ne6 14.
Rad1 Qh4 15. Bf2 Qf6 16. d5 Neg5 17. Be3 c5 18. a3 a5 19. Nb5 Qe7 20. Ng3 Bf6 21.
Kf2 Kg7 22. Ke2 Bd7 23. Rh1 Bxb5 24. cxb5 Rh8 25. a4 Nf8 26. Rxh8 Kxh8 27. Rh1+ Kg7 28. b3 Nd7 29. Rh5 Nh7 30. g5 gxh5 31. Nf5+ Kf8 32.
Nxe7 Bxe7 33. Bh3 Ke8 34. Bf5 Nhf8 35. Qe1 Ng6 36. Qh1 Ndf8 37. Qxh5 b6 38. Kd3 Ra7 39. Qh3 Rc7 40. Kc4 Bd8 41. Qg4 Be7 42. Kc3 Bd8 43. f4 exf4 44. Bxf4 Nxf4 45. Qxf4 Be7 46. e5 c4 47. exd6 cxb3+ 48. dxc7 b2 49. c8=Q+ 1-0

[Event "*** SCC Grand Prix: Titled Tuesday Blitz"]
[Site "Chess.com"]
[Date "2020.10.13"]
[Round "5"]
[White "Witik"]
[Black "Balla_Tamas"]
[Result "1-0"]
[WhiteElo "2738"]
[BlackElo "2455"]
[TimeControl "180+1"]
[EndTime "10:56:18 PDT"]
[Termination "Witik won by resignation"]

1. e4 g6 2. d4 Bg7 3. Nc3 c6 4. Bc4 d5 5. exd5 b5 6. Be2 b4 7. Na4 cxd5 8. Nf3 Nc6 9. O-O e6 10. a3 a5 11. Bb5 Bd7 12. Nc5 Rb8 13. a4 Nge7 14. Bf4 Rb6 15. Ne5 Nxe5 16. Bxe5 Bxb5 17.
Bxg7 Bxf1 18. Bxh8 Ba6 19. Bf6 Qc8 20. Qd2 Ng8 21.
Bh4 f6 22. Re1 Kf7 23. Qf4 Kg7 24. h3 Rc6 25. Re3 h6 26. Bxf6+ Nxf6 27. Qe5 Rxc5 28. dxc5 Qxc5 29. Qxe6 Bb7 30. Qe7+ Qxe7 31. Rxe7+ Kf8 32. Rxb7 Ne4 33. Rb5 d4 34. Rxa5 b3 35. cxb3 d3 36. Rd5 d2 37. Kf1 Nc5 38. Rxd2 Nxb3 39. Rd5 Ke7 40.
a5 Ke6 41. a6 Kxd5 42. a7 Nd2+ 43. Ke2 Nc4 44. a8=Q+ Ke6 45. Qg8+ Kf6 46. Qxc4 Ke7 47. b4 Kd6 48. b5 Kd7 49. b6 1-0

[Event "*** SCC Grand Prix: Titled Tuesday Blitz"]
[Site "Chess.com"]
[Date "2020.10.13"]
[Round "5"]
[White "GregShahade"]
[Black "Infernal_XaM"]
[Result "1-0"]
[WhiteElo "2645"]
[BlackElo "2858"]
[TimeControl "180+1"]
[EndTime "10:56:20 PDT"]
[Termination "GregShahade won by resignation"]

1. e4 c5 2. Nf3 b6 3. d4 cxd4 4. Nxd4 Bb7 5. Nc3 a6 6. Bd3 e6 7. O-O Qc7 8. Qf3 Nf6 9. Bf4 d6 10. Bg3 Nbd7 11. Rfe1 Be7 12. Rad1 O-O 13. h3 b5 14. a3 Rfe8 15. Qe3 Rac8 16. Nf3 e5 17. Nd2 Nb6 18. Nb3 Nc4 19. Bxc4 bxc4 20. Nd2 Qc6 21.
Qe2 Bd8 22. Bh4 h6 23. Bxf6 Bxf6 24. Nd5 Bd8 25. Nf1 Qc5 26. Nfe3 Bg5 27. Nf5 g6 28. h4 Bd8 29. Nxh6+ Kg7 30. Ng4 Bxh4 31. Nge3 Rh8 32. Qg4 Kf8 33. g3 Bd8 34. Kg2 Rb8 35. Rh1 Rg8 36.
Rh7 Bc8 37. Qf3 Be6 38. Ng4 Rxb2 39. Nh6 Qa7 40. Nxg8 Kxg8 41. Rdh1 Bxd5 42. exd5 Kf8 43. Rh8+ Ke7 44. R1h7 Kd7 45. Rxf7+ 1-0

[Event "*** SCC Grand Prix: Titled Tuesday Blitz"]
[Site "Chess.com"]
[Date "2020.10.13"]
[Round "5"]
[White "VitaliyBernadskiy"]
[Black "amintabatabaei"]
[Result "0-1"]
[WhiteElo "2750"]
[BlackElo "2916"]
[TimeControl "180+1"]
[EndTime "10:56:21 PDT"]
[Termination "amintabatabaei won by resignation"]

1. e4 c5 2. Nf3 d6 3. Bb5+ Nd7 4. O-O a6 5. Bd3 Ngf6 6. c3 e6 7. Bc2 Be7 8. d4 O-O 9. Bf4 b5 10. Nbd2 Bb7 11. Re1 h6 12. e5 dxe5 13. dxe5 Nd5 14.
Bg3 c4 15. Ne4 Nc5 16. Nd6 Bxd6 17. exd6 Qb6 18. Ne5 Rad8 19. Ng4 f5 20. Ne5 Rxd6 21.
Ng6 f4 22. Nxf8 fxg3 23. Qf3 Nf6 24. Qxg3 Kxf8 25. Rad1 Rxd1 26. Rxd1 Bd5 27. h3 Nce4 28. Bxe4 Nxe4 29. Qf4+ Nf6 30. Qd4 Qxd4 31. Rxd4 Ke7 32. f3 e5 33. Rd2 Kd6 34. Kf2 g5 35. Ke3 Nh5 36. Kf2 Nf4 37. Ke3 Nd3 38. Ke2 a5 39. Ke3 Kc5 40. g3 h5 41. h4 gxh4 42.
gxh4 Nf4 43. Kf2 b4 44. Ke3 b3 45. axb3 cxb3 46. Rd1 a4 47. Ra1 Bc6 48. Kd2 Ng6 49. Rg1 Nxh4 50. Rg8 Nxf3+ 0-1

[Event "*** SCC Grand Prix: Titled Tuesday Blitz"]
[Site "Chess.com"]
[Date "2020.10.13"]
[Round "5"]
[White "Ajedrez_con_German"]
[Black "vanea_03"]
[Result "0-1"]
[WhiteElo "2492"]
[BlackElo "2696"]
[TimeControl "180+1"]
[EndTime "10:56:22 PDT"]
[Termination "vanea_03 won on time"]

1. d4 f5 2. g3 Nf6 3. Bg2 e6 4. Nf3 d5 5. O-O Bd6 6. b3 Qe7 7.
c4 c6 8. Bb2 O-O 9. Qc1 b5 10.
Nbd2 bxc4 11. bxc4 Ba6 12. Qc2 Rc8 13. Ne5 Ne4 14.
Ndf3 Bxe5 15. Nxe5 Nd7 16. Nxd7 Qxd7 17. c5 Bc4 18.
Bc1 e5 19. dxe5 Nxc5 20. Ba3 Ne4 21. Rfd1 Qe6 22. f3 Ng5 23. h4 Nf7 24. f4 Rab8 25.
Rab1 a6 26. Rxb8 Rxb8 27. e3 Rb5 28. Rb1 Qg6 29. Rxb5 axb5 30. Kf2 Nh6 31. Bf3 Ng4+ 32. Bxg4 Qxg4 33. Kg2 Be2 34. Kf2 Qf3+ 35. Ke1 Bc4 36.
Qf2 Qe4 37. Qd2 Kf7 38. Bd6 Ke6 39. Bb4 Qh1+ 0-1

[Event "*** SCC Grand Prix: Titled Tuesday Blitz"]
[Site "Chess.com"]
[Date "2020.10.13"]
[Round "5"]
[White "Vamostodorecto"]
[Black "Chesswizard_2007"]
[Result "0-1"]
[WhiteElo "2368"]
[BlackElo "2570"]
[TimeControl "180+1"]
[EndTime "10:56:22 PDT"]
[Termination "Chesswizard_2007 won by resignation"]

1. d4 a5 2. e4 b6 3. Nf3 Ba6 4. c4 d6 5. Nc3 g6 6. h4 h5 7. Be3 Bg7 8. Bd3 Nf6 9. Qe2 c5 10. d5 Ng4 11. Bf4 Nd7 12. O-O Nde5 13. Nxe5 Bxe5 14.
Bxe5 Nxe5 15. f4 Ng4 16. e5 e6 17. g3 dxe5 18. fxe5 Qd7 19. Ne4 Rf8 20. Nd6+ Kd8 21. Be4 Rb8 22. Rad1 Kc7 23. Bf3 f5 24. exf6 Qxd6 25.
Bxg4 Qxg3+ 26. Qg2 Qxg2+ 27. Kxg2 hxg4 28. dxe6 Bb7+ 29. Kg3 Bf3 30. Rd7+ Kc6 31. f7 b5 32. cxb5+ Kxb5 33.
Re1 a4 34. a3 Kc4 35. Rd2 Kb3 36. e7 Rxf7 37. e8=Q Rxe8 38. Rxe8 Rb7 39. Re3+ Kc4 40. Rc3+ Kb5 41. Rdc2 Rc7 42. Rc4 Rc8 43. Kf4 Rc7 44. Ke5 g3 45. Kd6 Rc6+ 46. Ke5 g2 47. Rc1 g1=Q 48.
Rxg1 Kxc4 49. Rg4+ Bxg4 0-1

[Event "*** SCC Grand Prix: Titled Tuesday Blitz"]
[Site "Chess.com"]
[Date "2020.10.13"]
[Round "5"]
[White "chigorin28"]
[Black "novocane"]
[Result "1-0"]
[WhiteElo "2423"]
[BlackElo "2271"]
[TimeControl "180+1"]
[EndTime "10:56:22 PDT"]
[Termination "chigorin28 won on time"]

1. e4 c5 2. Nf3 Nc6 3. c3 Nf6 4.
e5 Nd5 5. d4 cxd4 6. cxd4 d6 7.
exd6 Qxd6 8. Be2 Bf5 9. O-O e6 10. Nc3 Nxc3 11. bxc3 Be7 12. c4 O-O 13. Be3 Rac8 14.
Qd2 Rfd8 15. Rfd1 Bf6 16. Rac1 h6 17. d5 Ne5 18. Nxe5 Bxe5 19. f4 Bf6 20. Bf3 b6 21. Qf2 Qa3 22. g4 Bh7 23. dxe6 fxe6 24. Rxd8+ Rxd8 25. c5 Bh4 26. Qe2 Bd3 27. Qg2 bxc5 28. Rxc5 Be4 29. Qe2 Bxf3 30. Qxf3 Rd3 31. Re5 Qxa2 32. Qa8+ Kh7 33. Qe4+ Kg8 34. Qxd3 Qa1+ 35. Kg2 Qa2+ 36.
Kh3 Bg3 37. hxg3 Qa1 38. Kg2 Qa2+ 39. Bf2 Qa1 40. Qe3 1-0

[Event "*** SCC Grand Prix: Titled Tuesday Blitz"]
[Site "Chess.com"]
[Date "2020.10.13"]
[Round "5"]
[White "JiiHart"]
[Black "Region_07"]
[Result "1-0"]
[WhiteElo "2087"]
[BlackElo "2327"]
[TimeControl "180+1"]
[EndTime "10:56:23 PDT"]
[Termination "JiiHart won by resignation"]

1. e4 Nc6 2. Nf3 f5 3. e5 d6 4.
Bb5 a6 5. Bxc6+ bxc6 6. d4 e6 7. O-O Ne7 8. c4 Ng6 9. Nc3 d5 10. cxd5 cxd5 11. Bg5 Qd7 12. Qa4 c5 13. dxc5 Bxc5 14.
Rac1 Bb6 15. Qa3 h6 16. Bd2 Kf7 17. Na4 Ba7 18. Qd6 Qxd6 19. exd6 Rd8 20. Rc7+ Bd7 21. Rfc1 Kg8 22. Ba5 Bxa4 23. Rxa7 Rxa7 24. Bxd8 Rd7 25. Bc7 e5 26. Rc5 Kf7 27. Rxd5 Ke6 28. Ra5 Bb5 29. a4 Bc4 30. Nd2 Bd3 31. b3 Nf4 32. Nc4 Nd5 33. Rxa6 Kf7 34. Nb6 Nxb6 35. Rxb6 e4 36. a5 f4 37. a6 e3 38. fxe3 fxe3 39. a7 Be4 40. Kf1 Ke6 41. Ke1 Kd5 42. a8=Q+ Kd4 43. Rb4+ Kc3 44. Qxe4 1-0

[Event "*** SCC Grand Prix: Titled Tuesday Blitz"]
[Site "Chess.com"]
[Date "2020.10.13"]
[Round "5"]
[White "LubovMarkelova"]
[Black "albi1999"]
[Result "0-1"]
[WhiteElo "2247"]
[BlackElo "2620"]
[TimeControl "180+1"]
[EndTime "10:56:24 PDT"]
[Termination "albi1999 won by resignation"]

1. Nf3 d5 2. d4 Nf6 3. c4 e6 4. e3 b6 5. Nc3 Bd6 6. b3 O-O 7. Bd3 a6 8. Bb2 Bb7 9. cxd5 exd5 10. O-O Nbd7 11. Rc1 Ne4 12. Ne2 Qe7 13. Ng3 f5 14.
Re1 Rac8 15. Rc2 g6 16. Qa1 Rf7 17. Ne5 Nxe5 18. dxe5 Bb4 19. Rd1 Qe6 20. a3 Bf8 21.
Ne2 g5 22. Nd4 Qxe5 23. f3 Nc5 24. Nxf5 Qe6 25. e4 Nxd3 26. Rxd3 dxe4 27. Nd4 Qg6 28. fxe4 Bxe4 29. Rdd2 Bxc2 30. Rxc2 c5 31. Qc1 Re8 32. Nf3 Bg7 33. Bxg7 Rxg7 34. b4 g4 35. Nh4 Qf6 36. g3 Qd4+ 37. Kg2 Qe4+ 38. Kg1 Rf7 39. bxc5 bxc5 40. Qd1 Qe3+ 41. Kg2 Qe4+ 42. Kg1 c4 43. Rd2 c3 44. Re2 Qxe2 0-1

[Event "*** SCC Grand Prix: Titled Tuesday Blitz"]
[Site "Chess.com"]
[Date "2020.10.13"]
[Round "5"]
[White "MVM2008"]
[Black "Alexander_Zubov"]
[Result "0-1"]
[WhiteElo "2194"]
[BlackElo "2908"]
[TimeControl "180+1"]
[EndTime "10:56:24 PDT"]
[Termination "Alexander_Zubov won on time"]

1. e4 c5 2. Nf3 e6 3. d4 cxd4 4. Nxd4 a6 5. Bd3 Bc5 6. Nb3 Be7 7. O-O d6 8. f4 Nd7 9. Nc3 Ngf6 10. g4 g6 11. g5 Nh5 12. Be2 Ng7 13. Nd4 e5 14. f5 exd4 15. Qxd4 O-O 16. f6 Ne6 17. fxe7 Nxd4 18. exd8=Q Rxd8 19. Bd3 Ne5 20. Bf4 Be6 21.
Bxe5 dxe5 22. Nd5 Bxd5 23. exd5 Rxd5 24. Be4 Rd7 25. c3 Ne6 26. Rad1 Rad8 27. Rxd7 Rxd7 28.
h4 Kg7 29. Bf3 Nf4 30. Rd1 Rxd1+ 31. Bxd1 h6 32. gxh6+ Kxh6 33. Kh2 f5 34. Kg3 g5 35. hxg5+ Kxg5 36. b4 Nd5 37. c4 Nxb4 38. a3 Nc6 39. Bb3 Nd4 40. Bd1 f4+ 41. Kf2 e4 42. Ba4 e3+ 0-1

[Event "*** SCC Grand Prix: Titled Tuesday Blitz"]
[Site "Chess.com"]
[Date "2020.10.13"]
[Round "5"]
[White "AleksibFan"]
[Black "UmarovSabir"]
[Result "0-1"]
[WhiteElo "2555"]
[BlackElo "2385"]
[TimeControl "180+1"]
[EndTime "10:56:24 PDT"]
[Termination "UmarovSabir won on time"]

1. d4 g6 2. Nf3 Bg7 3. g3 Nf6 4. Bg2 O-O 5. O-O d6 6. Re1 c6 7. a4 a5 8. e4 Na6 9. Nc3 Qb6 10.
h3 Rd8 11. b3 Nb4 12. Be3 Qc7 13. Qd2 e5 14. Rad1 Be6 15. Ng5 Bd7 16. f4 exd4 17. Bxd4 c5 18. Bf2 Bc6 19. Nd5 Nbxd5 20. exd5 Bd7 21.
c4 h6 22. Nf3 Re8 23. Nh4 b6 24. Rxe8+ Rxe8 25. Re1 Qd8 26. g4 Nh7 27. Rxe8+ Qxe8 28. Nf3 Qe4 29. Qe3 Qxe3 30. Bxe3 h5 31. g5 Bf5 32. Nd2 Bc2 33. Be4 Bd1 34. Bf3 Bc2 0-1

[Event "*** SCC Grand Prix: Titled Tuesday Blitz"]
[Site "Chess.com"]
[Date "2020.10.13"]
[Round "5"]
[White "barriochess"]
[Black "markberk"]
[Result "1-0"]
[WhiteElo "2275"]
[BlackElo "2397"]
[TimeControl "180+1"]
[EndTime "10:56:24 PDT"]
[Termination "barriochess won on time"]

1. d4 Nf6 2. c4 e6 3. Nf3 d5 4. g3 dxc4 5. Bg2 Nc6 6. O-O Rb8 7. Bg5 Be7 8. e3 b5 9. b3 cxb3 10. Qxb3 O-O 11. Bxf6 Bxf6 12. Nbd2 a5 13. Rac1 Bd7 14. h4 h6 15. Ne4 Be7 16. Qb1 Nb4 17. Ne5 Bd6 18.
Rfd1 Qe7 19. Nc5 Bxe5 20. dxe5 Bc6 21. Bxc6 Nxc6 22. Rd7 Qe8 23. Qe4 Nb4 24. Rxc7 Rd8 25. a3 Nd5 26. Ra7 f5 27. exf6 Rxf6 28. Qg4 Rf7 29.
Rxf7 Kxf7 30. Nb7 Rd7 31. Nxa5 Kg8 32. Rc6 Re7 33. Qe2 Kh7 34. Qxb5 Qh5 35. Qd3+ Qg6 36. Qxg6+ Kxg6 37. Nc4 Kf6 38. a4 Rb7 39. a5 Rb1+ 40. Kg2 Ra1 41. h5 Nb4 42. Rb6 Nd3 43. Rd6 Nb4 44. e4 Ra2 45. e5+ Kf5 46. Rd4 1-0

[Event "*** SCC Grand Prix: Titled Tuesday Blitz"]
[Site "Chess.com"]
[Date "2020.10.13"]
[Round "5"]
[White "SilviusTiberius"]
[Black "Smirnov_Pavel"]
[Result "0-1"]
[WhiteElo "2594"]
[BlackElo "2842"]
[TimeControl "180+1"]
[EndTime "10:56:25 PDT"]
[Termination "Smirnov_Pavel won by resignation"]

1. e4 c5 2. Nf3 Nc6 3. d4 cxd4 4. Nxd4 Nf6 5. Nc3 e5 6. Ndb5 d6 7. Nd5 Nxd5 8. exd5 Nb8 9. a4 Be7 10. Be2 O-O 11.
O-O Nd7 12. Be3 a6 13. Na3 f5 14. f3 Bg5 15. Bf2 Rf6 16. Nc4 Rh6 17. a5 Bh4 18. g3 Bg5 19. Ra3 f4 20. Bd3 Nf8 21. Nb6 Rb8 22. Nxc8 Qxc8 23. g4 Qd8 24. Qe1 Bh4 25.
Qe4 Bxf2+ 26. Rxf2 Nd7 27. b4 Nf6 28. Qf5 Kh8 29.
c4 g6 30. Qg5 Kg7 31. Re2 Qc7 32. c5 Rd8 33. Rc3 Nxd5 34. Rc1 Nf6 35. Rec2 Rh3 36. cxd6 Qxd6 37. Bf1 Rxf3 38. Rc7+ Rd7 39. Rxd7+ Nxd7 40. Rc8 Qd4+ 41. Kg2 Qf2+ 0-1

[Event "*** SCC Grand Prix: Titled Tuesday Blitz"]
[Site "Chess.com"]
[Date "2020.10.13"]
[Round "5"]
[White "Mr_Sinigami"]
[Black "ftorodent"]
[Result "1-0"]
[WhiteElo "2506"]
[BlackElo "2677"]
[TimeControl "180+1"]
[EndTime "10:56:25 PDT"]
[Termination "Mr_Sinigami won on time"]

1. d4 d5 2. Nf3 Bf5 3. Bf4 e6 4. e3 Bd6 5. Bg3 Nf6 6. Nbd2 O-O 7.
c4 Ne4 8. Nxe4 Bxe4 9. c5 Be7 10.
Nd2 Bg6 11. Bb5 a6 12. Ba4 b6 13. b4 b5 14. Bc2 Bxc2 15. Qxc2 Nc6 16. a3 a5 17. O-O Qd7 18. Rfb1 Ra6 19. Qd3 axb4 20. axb4 Nxb4 21. Qb3 Rxa1 22. Rxa1 Nc6 23. Qxb5 Rb8 24.
Qa4 h6 25. h3 Bf6 26. Nf3 Kh7 27.
Kh2 g6 28. Qa2 Kg7 29. Rb1 Qc8 30. Rxb8 Qxb8 31. Qa6 Qe8 32. Qb7 e5 33. Qxc7 exd4 34. exd4 Nxd4 35. Nxd4 Bxd4 36. Qd6 Qe6 37. c6 1-0

[Event "*** SCC Grand Prix: Titled Tuesday Blitz"]
[Site "Chess.com"]
[Date "2020.10.13"]
[Round "5"]
[White "grunbergmihai"]
[Black "olksuna"]
[Result "1-0"]
[WhiteElo "2429"]
[BlackElo "2601"]
[TimeControl "180+1"]
[EndTime "10:56:25 PDT"]
[Termination "grunbergmihai won by resignation"]

1. Nf3 Nf6 2. c4 b6 3. g3 Bb7 4. Bg2 g6 5. O-O Bg7 6. d4 O-O 7. Nc3 Ne4 8. Bd2 c5 9. Be1 cxd4 10. Nxd4 Nxc3 11. Bxc3 Bxg2 12. Kxg2 Qc8 13. Qd3 Na6 14. Nb3 Bxc3 15. Qxc3 Nc5 16. Nxc5 bxc5 17. Rfd1 d6 18.
a3 a5 19. Rab1 a4 20. b4 axb3 21. Rxb3 Ra4 22. Rc1 Qa6 23. h4 h5 24. Qd3 Ra8 25. Rcc3 Qc6+ 26. Qf3 Qxf3+ 27. Kxf3 R8a7 28. Ke4 Kf8 29. f3 Ke8 30. g4 Kd7 31. g5 Kc6 32. Kd3 e6 33. e4 d5 34. cxd5+ exd5 35. exd5+ Kxd5 36. Rb5 Rxa3 37. Rxc5+ Ke6 38. Ke3 Rxc3+ 39. Rxc3 Ra4 40. f4 Kf5 41. Rc7 Re4+ 42. Kd3 Rxf4 43.
Rxf7+ Kg4 44. Rf6 Kxh4 45. Rxf4+ Kxg5 46. Ke3 h4 47. Kf3 Kh5 48. Ra4 g5 49. Rb4 Kg6 1-0